A+ EAST
HICKORY CRAWDADS @ WINSTON-SALEM DASH
05/23/2042
 
TOP OF THE 1ST
Hickory Crawdads batting - Pitching for Winston-Salem Dash : RHP Wally Lee
Pitching: RHP Wally Lee
Batting: SHB Feliciano Destefani 0-0: Called Strike
0-1: Foul Ball, location: 2F
0-2: Ground out 4-3 (Groundball, 34, EV 82.5 MPH)
Batting: RHB Dani Quintanilla 0-0: Swinging Strike
0-1: Called Strike
0-2: Ball
1-2: Foul Ball, location: 2F
1-2: Ball
2-2: Strikes out swinging
Batting: RHB Dana Ward 0-0: Ball
1-0: Swinging Strike
1-1: Ball
2-1: Ball
3-1: Swinging Strike
3-2: Strikes out swinging
Top of the 1st over - 0 runs, 0 hits, 0 errors, 0 left on base; Hickory 0 - Winston-Salem 0
BOTTOM OF THE 1ST
Winston-Salem Dash batting - Pitching for Hickory Crawdads : RHP Eric Downey
Pitching: RHP Eric Downey
Batting: RHB Tim Bentley 0-0: Foul Ball, location: 2F
0-1: Ball
1-1: Called Strike
1-2: Strikes out swinging
Batting: RHB Jeremiah Miller 0-0: Ball
1-0: Foul Ball, location: 3FF
1-1: Ball
2-1: Ball
3-1: Base on Balls
Batting: LHB Jim Gilbert 0-0: 2-RUN HOME RUN (Flyball, 9LD, EV 93.8 MPH), Distance : 335 ft
Batting: RHB José Mayor 0-0: Called Strike
0-1: Swinging Strike
0-2: Strikes out swinging
Batting: SHB Josh Whitaker 0-0: SINGLE (Line Drive, 6M, EV 100.0 MPH)
Batting: RHB José Cortéz 0-0: Called Strike
Josh Whitaker is caught stealing 2nd base 2-4
Bottom of the 1st over - 2 runs, 2 hits, 0 errors, 0 left on base; Hickory 0 - Winston-Salem 2
TOP OF THE 2ND
Hickory Crawdads batting - Pitching for Winston-Salem Dash : RHP Wally Lee
Batting: LHB Ed Winter 0-0: Foul Ball, location: 23F
0-1: Foul Ball, location: 9LSF
0-2: Foul Ball, location: 2F
0-2: Foul Ball, location: 7LMF
0-2: Ball
1-2: Ball
2-2: Ball
3-2: Base on Balls
Batting: RHB Ánibal Ortega 0-0: Called Strike
0-1: Ball
1-1: Grounds out, U3 (Groundball, 3L, EV 100.6 MPH)
Batting: RHB Sancho Parado 0-0: Ball
1-0: Called Strike
1-1: SINGLE (Groundball, 6MD, EV 93.8 MPH)
Ed Winter to third
Runner from 3rd tries for Home, throw by CF and OUT! 8-2
Batting: RHB Jim Unknown 0-0: Ball
1-0: Ground out 4-3 (Groundball, 34, EV 83.8 MPH)
Top of the 2nd over - 0 runs, 1 hit, 0 errors, 1 left on base; Hickory 0 - Winston-Salem 2
BOTTOM OF THE 2ND
Winston-Salem Dash batting - Pitching for Hickory Crawdads : RHP Eric Downey
Batting: RHB José Cortéz 0-0: Ball
1-0: Foul Ball, location: 23F
1-1: Foul Ball, location: 9LSF
1-2: Ball
2-2: DOUBLE (Line Drive, 5D, EV 102.5 MPH)
Batting: LHB Jeff Sullivan 0-0: Swinging Strike
0-1: Ground out 4-3 (Groundball, 34D, EV 100.6 MPH)
José Cortéz to third
Batting: RHB Vic Miller 0-0: Foul Ball, location: 5SF
0-1: Ground out 5-3 (Groundball, 56, EV 101.9 MPH)
Batting: SHB Ernesto Contreras 0-0: Ball
1-0: Ball
2-0: Ball
3-0: Base on Balls
Batting: RHB Tim Bentley 0-0: Ball
1-0: Ball
2-0: Ball
3-0: Called Strike
3-1: Base on Balls
Ernesto Contreras to second
Batting: RHB Jeremiah Miller 0-0: Called Strike
0-1: Ball
1-1: Ball
2-1: DOUBLE (Flyball, 8RXD, EV 95.6 MPH)
José Cortéz scores
Ernesto Contreras scores
Tim Bentley to third
Runner from 3rd tries for Home, SAFE, throw by CF to home
Pitching: RHP Jim Unknown
Batting: LHB Jim Gilbert 0-0: Foul Ball, location: 2F
0-1: Ball
1-1: Swinging Strike
1-2: Ball
2-2: SINGLE (Flyball, 4MD, EV 93.8 MPH)
Jeremiah Miller to third
Batting: RHB José Mayor 0-0: Foul Ball, location: 9LDF
0-1: Ball
Wild Pitch!
Jeremiah Miller scores
Jim Gilbert to second
1-1: Foul Ball, location: 5FF
1-2: Ball
2-2: Ball
3-2: Fly out, F3 (Popup, 3L, EV 74.4 MPH)
Bottom of the 2nd over - 4 runs, 3 hits, 0 errors, 1 left on base; Hickory 0 - Winston-Salem 6
TOP OF THE 3RD
Hickory Crawdads batting - Pitching for Winston-Salem Dash : RHP Wally Lee
Batting: RHB Jim Unknown 0-0: Ball
1-0: Ball
2-0: Foul Ball, location: 3F
2-1: Swinging Strike
2-2: Strikes out swinging, 2-3 out at first.
Batting: RHB Jim Unknown 0-0: Fly out, F7 (Flyball, 78S, EV 91.9 MPH)
Batting: SHB Feliciano Destefani 0-0: Swinging Strike
0-1: Foul Ball, location: 2F
0-2: Ball
1-2: Strikes out swinging
Top of the 3rd over - 0 runs, 0 hits, 0 errors, 0 left on base; Hickory 0 - Winston-Salem 6
BOTTOM OF THE 3RD
Winston-Salem Dash batting - Pitching for Hickory Crawdads : RHP Jim Unknown
Batting: SHB Josh Whitaker 0-0: Ball
1-0: SINGLE (Line Drive, 4M, EV 106.3 MPH)
Batting: RHB José Cortéz 0-0: Ball
1-0: Grounds into double play, 6-4-3 (Groundball, 6, EV 85.6 MPH)
Batting: LHB Jeff Sullivan 0-0: Ball
1-0: Ball
2-0: Ball
3-0: Called Strike
3-1: Foul Ball, location: 3FF
3-2: Base on Balls
Batting: RHB Vic Miller 0-0: Called Strike
0-1: Ball
1-1: Ball
2-1: Called Strike
Jeff Sullivan steals 2nd base
2-2: Ground out 4-3 (Groundball, 4, EV 102.5 MPH)
Bottom of the 3rd over - 0 runs, 1 hit, 0 errors, 1 left on base; Hickory 0 - Winston-Salem 6
TOP OF THE 4TH
Hickory Crawdads batting - Pitching for Winston-Salem Dash : RHP Wally Lee
Batting: RHB Dani Quintanilla 0-0: Called Strike
0-1: Fly out, F8 (Flyball, 8RXD, EV 108.1 MPH)
Batting: RHB Dana Ward 0-0: Called Strike
0-1: Called Strike
0-2: Ball
1-2: Ball
2-2: SINGLE (Line Drive, 7S, EV 91.3 MPH)
Batting: LHB Ed Winter 0-0: Ball
1-0: Foul Ball, location: 25F
1-1: Swinging Strike
1-2: Fly out, F6 (Popup, 6S, EV 65.6 MPH)
Batting: RHB Ánibal Ortega 0-0: Ball
1-0: Ball
2-0: Ground out 2-3 (Groundball, 15S, EV 65.6 MPH)
Top of the 4th over - 0 runs, 1 hit, 0 errors, 1 left on base; Hickory 0 - Winston-Salem 6
BOTTOM OF THE 4TH
Winston-Salem Dash batting - Pitching for Hickory Crawdads : RHP Jim Unknown
Batting: SHB Ernesto Contreras 0-0: Called Strike
0-1: Foul Ball, location: 2F
0-2: Ball
1-2: Ball
2-2: Strikes out looking
Batting: RHB Tim Bentley 0-0: Ball
1-0: Foul Ball, location: 2F
1-1: Ball
2-1: Ball
3-1: Ground out 6-3 (Groundball, 6, EV 86.3 MPH)
Batting: RHB Jeremiah Miller 0-0: Called Strike
0-1: Ball
1-1: Foul Ball, location: 2LF
1-2: Strikes out swinging
Bottom of the 4th over - 0 runs, 0 hits, 0 errors, 0 left on base; Hickory 0 - Winston-Salem 6
TOP OF THE 5TH
Hickory Crawdads batting - Pitching for Winston-Salem Dash : RHP Wally Lee
Batting: RHB Sancho Parado 0-0: DOUBLE (Line Drive, 5D, EV 99.4 MPH)
Batting: RHB Jim Unknown 0-0: Ground out U3 (Groundball, 34S, EV 91.3 MPH)
Sancho Parado to third
Batting: RHB Jim Unknown 0-0: Ball
1-0: Swinging Strike
1-1: Ball
2-1: Swinging Strike
2-2: Foul Ball, location: 5FF
2-2: Foul Ball, location: 23F
2-2: Strikes out swinging
Batting: RHB Jim Unknown 0-0: Called Strike
0-1: Called Strike
0-2: Ball
1-2: Ground out 6-3 (Groundball, 56, EV 110.0 MPH)
Top of the 5th over - 0 runs, 1 hit, 0 errors, 1 left on base; Hickory 0 - Winston-Salem 6
BOTTOM OF THE 5TH
Winston-Salem Dash batting - Pitching for Hickory Crawdads : RHP Jim Unknown
Batting: LHB Jim Gilbert 0-0: Called Strike
0-1: Ball
1-1: Ball
2-1: Foul Ball, location: 2F
2-2: Ball
3-2: Fly out, F7 (Flyball, 7, EV 82.5 MPH)
Batting: RHB José Mayor 0-0: Foul Ball, location: 3DF
0-1: Foul Ball, location: 7LSF
0-2: Hit by Pitch
Batting: SHB Josh Whitaker 0-0: Ball
1-0: Ball
2-0: Fly out, F9 (Line Drive, 9S, EV 85.0 MPH)
Batting: RHB José Cortéz 0-0: Called Strike
0-1: Called Strike
0-2: Ball
1-2: Ball
2-2: Ball
3-2: Foul Ball, location: 7LMF
3-2: DOUBLE (Line Drive, 78M, EV 98.1 MPH)
José Mayor to third
José Mayor scores
Batting: LHB Jeff Sullivan 0-0: Called Strike
0-1: Foul Ball, location: 3FF
0-2: Ball
1-2: Ball
2-2: Ball
3-2: Strikes out swinging
Bottom of the 5th over - 1 run, 1 hit, 0 errors, 1 left on base; Hickory 0 - Winston-Salem 7
TOP OF THE 6TH
Hickory Crawdads batting - Pitching for Winston-Salem Dash : RHP Wally Lee
Batting: SHB Feliciano Destefani 0-0: Ball
1-0: Foul Ball, location: 5FF
1-1: DOUBLE (Line Drive, 78M, EV 103.1 MPH)
Batting: RHB Dani Quintanilla 0-0: Swinging Strike
0-1: Called Strike
0-2: Foul Ball, location: 2F
0-2: Foul Ball, location: 5DF
0-2: Strikes out looking
Batting: RHB Dana Ward 0-0: Foul Ball, location: 2F
0-1: Ball
1-1: Called Strike
1-2: Ball
2-2: Strikes out looking
Batting: LHB Ed Winter 0-0: Ball
1-0: Ball
2-0: Called Strike
2-1: Ground out 5-3 (Groundball, 5S, EV 77.5 MPH)
Top of the 6th over - 0 runs, 1 hit, 0 errors, 1 left on base; Hickory 0 - Winston-Salem 7
BOTTOM OF THE 6TH
Winston-Salem Dash batting - Pitching for Hickory Crawdads : RHP Jim Unknown
Pitching: RHP Jim Unknown
Batting: RHB Vic Miller 0-0: Swinging Strike
0-1: Hit by Pitch
Batting: SHB Ernesto Contreras 0-0: Ball
1-0: Called Strike
1-1: Ball
2-1: Foul Ball, location: 2F
2-2: Foul Ball, location: 23F
2-2: Ball
3-2: DOUBLE (Groundball, 3L, EV 100.0 MPH)
Vic Miller to third
Vic Miller scores
Batting: RHB Tim Bentley 0-0: Ball
1-0: Called Strike
1-1: DOUBLE (Flyball, 8LXD, EV 107.5 MPH)
Ernesto Contreras scores
Batting: RHB Jeremiah Miller 0-0: Ball
1-0: Foul Ball, location: 3F
1-1: Foul Ball, location: 5F
1-2: Ball
2-2: Ground out 5-3 (Groundball, 5L, EV 86.3 MPH)
Batting: LHB Jim Gilbert 0-0: Ball
1-0: Ball
2-0: Ball
3-0: Base on Balls
Batting: RHB José Mayor 0-0: Called Strike
0-1: Ball
1-1: Foul Ball, location: 9LSF
1-2: Fly out, F3 (Popup, 3, EV 75.6 MPH)
Batting: SHB Josh Whitaker 0-0: Ball
1-0: Ball
2-0: Ball
3-0: Called Strike
3-1: Base on Balls
Tim Bentley to third
Jim Gilbert to second
Batting: RHB José Cortéz 0-0: DOUBLE (Line Drive, 9LD, EV 106.9 MPH)
Tim Bentley scores
Jim Gilbert scores
Josh Whitaker to third
Runner from 3rd tries for Home, SAFE, throw by RF to trailing runner, SAFE at third!
Pitching: RHP Jim Unknown
Batting: LHB Jeff Sullivan 0-0: Called Strike
0-1: Ball
1-1: Ball
2-1: Ball
3-1: Called Strike
3-2: Foul Ball, location: 7LDF
3-2: Foul Ball, location: 2F
3-2: Fly out, F9 (Flyball, 9LM, EV 90.0 MPH)
Bottom of the 6th over - 5 runs, 3 hits, 0 errors, 1 left on base; Hickory 0 - Winston-Salem 12
TOP OF THE 7TH
Hickory Crawdads batting - Pitching for Winston-Salem Dash : RHP Wally Lee
Pinch Hitting: LHB Jim Unknown 0-0: Foul Ball, location: 9LDF
0-1: Ball
1-1: Ball
2-1: Ground out 4-3 (Groundball, 4, EV 88.1 MPH)
Batting: RHB Sancho Parado 0-0: Ball
1-0: Called Strike
1-1: Called Strike
1-2: Foul Ball, location: 9LDF
1-2: Foul Ball, location: 2F
1-2: Ball
2-2: Ball
3-2: Strikes out swinging
Pinch Hitting: RHB Jim Unknown 0-0: Ball
1-0: Ball
2-0: Ground out 5-3 (Groundball, 56, EV 87.5 MPH)
Top of the 7th over - 0 runs, 0 hits, 0 errors, 0 left on base; Hickory 0 - Winston-Salem 12
BOTTOM OF THE 7TH
Winston-Salem Dash batting - Pitching for Hickory Crawdads : RHP Jim Unknown
Now at 2B: Jim Unknown
Now at 3B: Jim Unknown
Now at SS: Jim Unknown
Batting: RHB Vic Miller 0-0: Called Strike
0-1: Ball
1-1: Ball
2-1: Called Strike
2-2: Foul Ball, location: 2F
2-2: Ground out 4-3 (Groundball, 34, EV 96.9 MPH)
Batting: SHB Ernesto Contreras 0-0: Called Strike
0-1: DOUBLE (Line Drive, 9LM, EV 106.3 MPH)
Batting: RHB Tim Bentley 0-0: Called Strike
0-1: Ground out 4-3 (Groundball, 4, EV 78.8 MPH)
Ernesto Contreras to third
Pinch Hitting: LHB José Gonzáles 0-0: Ball
1-0: SINGLE (Line Drive, 56D, EV 95.0 MPH)
Ernesto Contreras scores
Pinch Hitting: LHB Denver Green 0-0: Called Strike
0-1: Swinging Strike
0-2: Ground out 5-3 (Groundball, 25, EV 90.0 MPH)
Bottom of the 7th over - 1 run, 2 hits, 0 errors, 1 left on base; Hickory 0 - Winston-Salem 13
TOP OF THE 8TH
Hickory Crawdads batting - Pitching for Winston-Salem Dash : RHP Wally Lee
Now at 1B: Adrián Franco
Now in LF: José Gonzáles
Batting: RHB Jim Unknown 0-0: Ball
1-0: Foul Ball, location: 9LDF
1-1: DOUBLE (Line Drive, 5D, EV 94.4 MPH)
Batting: RHB Jim Unknown 0-0: Called Strike
0-1: Fly out, F2 (Popup, 23F, EV 80.0 MPH)
Pinch Hitting: RHB Jim Unknown 0-0: Ball
1-0: Ball
2-0: Called Strike
2-1: Ball
3-1: DOUBLE (Line Drive, 89XD, EV 104.4 MPH)
Jim Unknown scores
Pinch Hitting: LHB Jim Unknown 0-0: Called Strike
0-1: Ground out 6-3 (Groundball, 6, EV 95.0 MPH)
Pinch Hitting: RHB Jim Unknown 0-0: Fly out, F8 (Flyball, 8RM, EV 91.3 MPH)
Top of the 8th over - 1 run, 2 hits, 0 errors, 1 left on base; Hickory 1 - Winston-Salem 13
BOTTOM OF THE 8TH
Winston-Salem Dash batting - Pitching for Hickory Crawdads : RHP Jim Unknown
Now at 1B: Jim Unknown
Now in LF: Ed Winter
Now in CF: Jim Unknown
Now in RF: Jim Unknown
Batting: RHB José Mayor 0-0: Called Strike
0-1: Ball
1-1: Hit by Pitch
Batting: SHB Josh Whitaker 0-0: Ball
1-0: Ball
2-0: Foul Ball, location: 25FF
2-1: Ball
3-1: Base on Balls
José Mayor to second
Batting: RHB José Cortéz 0-0: Called Strike
0-1: Ball
Wild Pitch!
José Mayor to third
Josh Whitaker to second
1-1: DOUBLE (Flyball, 8RD, EV 102.5 MPH)
José Mayor scores
Josh Whitaker scores
Batting: LHB Jeff Sullivan 0-0: Ball
1-0: Called Strike
1-1: Ball
2-1: Ball
3-1: Called Strike
3-2: Base on Balls
Batting: RHB Vic Miller 0-0: Called Strike
0-1: Foul Ball, location: 7LMF
0-2: Ball
1-2: Fly out, F9 (Flyball, 9D, EV 105.6 MPH)
Batting: SHB Ernesto Contreras 0-0: Ball
1-0: Ball
2-0: Ball
3-0: Called Strike
3-1: Foul Ball, location: 3SF
3-2: Foul Ball, location: 5SF
3-2: Base on Balls
José Cortéz to third
Jeff Sullivan to second
Pitching: RHP Jim Unknown
Batting: RHB Tim Bentley 0-0: Called Strike
0-1: Called Strike
0-2: Foul Ball, location: 2F
0-2: Foul Ball, location: 9LSF
0-2: Foul Ball, location: 9LSF
0-2: Foul Ball, location: 2F
0-2: Ball
1-2: TRIPLE (Line Drive, 89XD, EV 104.4 MPH)
José Cortéz scores
Jeff Sullivan scores
Ernesto Contreras scores
Batting: LHB José Gonzáles 0-0: Ground out U3 (Groundball, 3, EV 98.8 MPH)
Batting: LHB Adrián Franco 0-0: Fly out, F8 (Flyball, 8RD, EV 98.1 MPH)
Bottom of the 8th over - 5 runs, 2 hits, 0 errors, 1 left on base; Hickory 1 - Winston-Salem 18
TOP OF THE 9TH
Hickory Crawdads batting - Pitching for Winston-Salem Dash : RHP Wally Lee
Pinch Hitting: LHB Jim Unknown 0-0: Ball
1-0: Called Strike
1-1: Swinging Strike
1-2: Strikes out swinging
Pinch Hitting: RHB Jim Unknown 0-0: Foul Ball, location: 9LMF
0-1: Foul Ball, location: 5F
0-2: Strikes out swinging
Batting: RHB Sancho Parado 0-0: Ball
1-0: Ball
2-0: TRIPLE (Flyball, 7LD, EV 110.0 MPH)
Pinch Hitting: LHB Jim Unknown 0-0: Ball
1-0: Ball
2-0: Ground out 1-3 (Groundball, P, EV 62.5 MPH)
Top of the 9th over - 0 runs, 1 hit, 0 errors, 1 left on base; Hickory 1 - Winston-Salem 18
Friday, May 3rd , 2024 - OOTP Baseball 24.10 Build 82